 Dungeon Crawl Stone Soup version 0.27-a0-1502-g47ed6a6988 (webtiles) character file.

Game seed: 10313350280820224012

92 bilbop the Caller (level 4, -9/25 HPs)
             Began as a Kobold Summoner on July 8, 2021.
             Mangled by an ice beast (11 damage)
             ... on level 4 of the Dungeon on July 9, 2021.
             The game lasted 00:32:04 (4633 turns).

bilbop the Caller (Kobold Summoner)                 Turns: 4633, Time: 00:32:05

Health: -9/25      AC:  4    Str:  5    XL:     4   Next: 90%
Magic:  0/8        EV: 15    Int: 17    God:
Gold:   104        SH:  0    Dex: 15    Spells: 3/8 levels left

rFire    . . .     SeeInvis .   a - +0 dagger
rCold    . . .     Faith    .   (shield restricted)
rNeg     . . .     Spirit   .   b - +0 robe
rPois    .         Reflect  .   i - +0 helmet
rElec    .         Harm     .   (no cloak)
rCorr    .         Rampage  .   u - +0 pair of gloves
Will     .....                  (no boots)
Stlth    +++.......             (no amulet)
HPRegen  0.08/turn              (no ring)
MPRegen  0.11/turn              (no ring)

@: no status effects
A: small, no large weapons, nightstalker 3
a: no special abilities


You were on level 4 of the Dungeon.
You visited 1 branch of the dungeon, and saw 5 of its levels.

You collected 104 gold pieces.

Inventory:

Hand Weapons
 a - a +0 dagger (weapon)
 c - a +0 short sword
Armour
 b - a +0 robe (worn)
 i - a +0 helmet (worn)
 u - a +0 pair of gloves (worn)
Jewellery
 h - a ring of fire
Scrolls
 e - a scroll of vulnerability {unknown}
 g - 2 scrolls of teleportation {unknown}
 k - 6 scrolls of identify {unknown}
 m - a scroll of blinking {unknown}
 n - a scroll of enchant weapon {unknown}
 p - a scroll of holy word {unknown}
 s - 2 scrolls of noise {unknown}
Potions
 d - a potion of magic {unknown}
 f - 3 potions of attraction {unknown}
 j - a potion of invisibility {unknown}
 l - 3 potions of curing {unknown}
 o - 3 potions of heal wounds {unknown}
 q - 2 potions of degeneration {unknown}
 r - a potion of lignification {unknown}
 t - a potion of flight {unknown}


   Skills:
 + Level 1.5 Fighting
 + Level 1.7 Short Blades
 + Level 3.0 Dodging
 + Level 3.6 Stealth
 + Level 2.7 Spellcasting
 + Level 0.9 Hexes
 + Level 4.3 Summonings


You had 3 spell levels left.
You knew the following spells:

 Your Spells              Type           Power      Damage    Failure   Level
a - Summon Small Mammal   Summ           68%        N/A       3%          1
b - Call Imp              Summ           17%        N/A       4%          2
c - Ensorcelled Hibernat  Hex/Ice        6%         N/A       22%         2

Your spell library contained the following spells:

 Spells                   Type           Power      Damage    Failure   Level
 Call Canine Familiar     Summ           17%        N/A       9%          3
 Animate Skeleton         Necr           4%         N/A       19%         1
 Pain                     Necr           8%         1d4       19%         1
 Summon Guardian Golem    Hex/Summ       11%        N/A       19%         3
 Static Discharge         Conj/Air       2%         N/A       26%         2
 Spider Form              Tmut/Pois      1%         N/A       47%         3
 Vampiric Draining        Necr           1%         2d6       47%         3
 Summon Lightning Spire   Summ/Air       9%         N/A       58%         4
 Summon Mana Viper        Hex/Summ       11%        N/A       86%         5
 Metabolic Englaciation   Hex/Ice        1%         N/A       99%         5
 Shadow Creatures         Summ           N/A        N/A       99%         6
 Discord                  Hex            2%         N/A       100%        8
 Chain Lightning          Conj/Air       1%         3d1       100%        9


Dungeon Overview and Level Annotations

Branches:
Dungeon (5/15)
 Temple: D:4-7

Altars:
Dithmenos
Kikubaaqudgha

Shops:
D:3 *


Innate Abilities, Weirdness & Mutations

You are small and have problems with some larger weapons.
You are completely attuned to the shadows.


Message History

You swap places.
The ice beast hits you but does no damage.
Your white imp closely misses the ice beast.
Your white imp misses the ice beast.
The ice beast hits you but does no damage.
Your white imp hits the ice beast but does no damage.
The ice beast closely misses your white imp.
What are your orders? t - Shout!
Orders for allies: a - Attack new target. p - Attack previous target. r - Retreat! s - Stop attacking. g - Guard the area. f - Follow me.
Anything else - Cancel.
Gang up on whom?
Press: ? - help, Dir - move target, f/p - ice beast
Aim: an ice beast (almost dead, ally target) Attack!
Your white imp hits the ice beast but does no damage.
The ice beast barely misses your white imp.
Your white imp hits the ice beast.
Your white imp freezes the ice beast.
The ice beast completely resists.
The ice beast hits your white imp. The ice beast freezes your white imp.
Your white imp resists.
Your white imp closely misses the ice beast.
The ice beast hits your white imp. The ice beast freezes your white imp.
Your white imp resists.
Your white imp barely misses the ice beast.
The ice beast barely misses your white imp.
Your white imp hits the ice beast.
Your white imp freezes the ice beast.
The ice beast completely resists.
The ice beast hits your white imp. The ice beast freezes your white imp.
Your white imp resists.
Your white imp dies!
Casting: Call Imp (safe; 4% risk of failure)
Confirm with . or Enter, or press ? or * to list all spells.
A beastly little devil appears in a puff of flame.
The ice beast hits you.
* * * LOW HITPOINT WARNING * * *
The ice beast freezes you!
You die...

########### #.....555<#
#####.###.### ###### #.#
#.#.# #.@..# #######
#.###.#.###Y##5# #.....#
#.........#.##.###.....#
###.#.#................### ##
#..............#.###.###.# #.
#.#..............###.###.###>
#.#.........##.#.............
#..............#..##.....##..
#............................


You could see an ice beast (ally target) and a friendly crimson imp (summoned).

Vanquished Creatures
  2 dart slugs (D:1)
  An orc (D:3)
  2 ball pythons
  2 bats
  An endoplasm (D:2)
  A goblin (D:1)
  4 hobgoblins
  4 jackals
  2 quokkas
  A frilled lizard (D:2)
  3 kobolds (D:1)
  4 rats
27 creatures vanquished.

Vanquished Creatures (collateral kills)
  A jelly (D:3)
  3 adders
  2 worms
  5 orcs
  A bat (D:2)
  2 endoplasms
  2 giant cockroaches (D:1)
  2 goblins
  3 hobgoblins
  6 jackals
  3 ball pythons
  A frilled lizard (D:2)
  2 rats
33 creatures vanquished.

Grand Total: 60 creatures vanquished

Notes
Turn   | Place    | Note
-------+----------+-------------------------------------------
     0 | D:1      | bilbop the Kobold Summoner began the quest for the Orb.
     0 | D:1      | Reached XP level 1. HP: 10/10 MP: 3/3
   298 | D:1      | Reached XP level 2. HP: 16/16 MP: 5/5
   390 | D:1      | Reached skill level 1 in Short Blades
   710 | D:1      | Reached skill level 1 in Fighting
   747 | D:1      | Reached XP level 3. HP: 20/20 MP: 6/6
   762 | D:1      | Learned a level 2 spell: Call Imp
  1162 | D:1      | Found a faded altar of an unknown god.
  2428 | D:3      | Reached XP level 4. HP: 23/25 MP: 1/7
  2436 | D:3      | Learned a level 2 spell: Ensorcelled Hibernation
  3130 | D:3      | Found Mozustre's Assorted Antiques.
  3631 | D:4      | Got the Reference Book on Bewitching Summoning
  3670 | D:4      | Found a shadowy altar of Dithmenos.
  3673 | D:4      | Found an ancient bone altar of Kikubaaqudgha.
  3912 | D:4      | Noticed a scorpion
  4124 | D:4      | Got the Guide on Creative Feathers
  4366 | D:5      | Entered Level 5 of the Dungeon
  4376 | D:5      | Noticed an ice beast
  4509 | D:4      | HP: 1/25 [ice beast (9)]
  4595 | D:4      | HP: 1/25 [ice beast (5)]
  4633 | D:4      | Mangled by an ice beast

Illustrated notes

Levels and vault maps discovered:
D:1:      lemuel_arrival_cross, layout_basic,
          shapermc_ecumenical_altar_acropolis, nrook_uturn
D:2:      layout_rooms, kennysheep_generic_room_15
D:3:      layout_basic, serial_shops, shop
D:4:      layout_basic, jmf_multi_god_temple
D:5:      layout_basic, kennysheep_mini_moat, serial_shops, shop, uniq_edmund

Skill      XL: |  1  2  3  4 |
---------------+-------------+-----
Short Blades   | 1 |  1.7
Fighting       | 1 |  1.5
Stealth        | 3 |  3.6
Dodging        | 3 |  3.0
Spellcasting   | |  2.7
Hexes          | |  0.9
Summonings     | |  4.3

Action                   |  1- 3 |  4- 6 || total
-------------------------+-------+-------++-------
Melee: Unarmed           |     8 |       ||     8
       Dagger            |    96 |    33 ||   129
       Short sword       |     1 |       ||     1
 Cast: Summon Small Mamm |    16 |       ||    16
       Call Imp          |    16 |    33 ||    49
 Stab: Sleeping          |    15 |     5 ||    20
Armor: Robe              |    14 |     5 ||    19
Dodge: Dodged            |    98 |    20 ||   118

Table legend: (Time is in decaauts)
 A = Elapsed time spent in this place.
 B = Non-inter-level travel time spent in this place.
 C = Inter-level travel time spent in this place.
 D = Time resting spent in this place.
 E = Time spent auto-exploring this place.
 F = Levels seen in this place.
 G = Mean time per level.
                   A        B        C        D        E       F      G
               +--------+--------+--------+--------+--------+-----+--------+
         Total |   4624 |   4045 |    579 |    311 |   2983 |   5 |  924.8 |
       Dungeon |   4624 |   4045 |    579 |    311 |   2983 |   5 |  924.8 |
               +--------+--------+--------+--------+--------+-----+--------+

Top non-repeatable levels by time:
     D:1: 1360 daAuts
     D:3: 1278 daAuts
     D:4: 1092 daAuts
     D:2: 870 daAuts
     D:5: 22 daAuts
